 Dungeon Crawl Stone Soup version 0.27-a0-1186-g8b4daa1eef (webtiles) character file.

Game seed: 6240701028330886600

343 leviel the Chopper (level 6, -2/56 HPs)
             Began as a Minotaur Fighter on May 19, 2021.
             Slain by an orc warrior
             ... wielding a +0 glaive
              (15 damage)
             ... on level 5 of the Dungeon.
             The game lasted 00:03:53 (3283 turns).

leviel the Chopper (Minotaur Fighter)               Turns: 3283, Time: 00:03:54

Health: -2/56      AC: 12    Str: 22    XL:     6   Next: 31%
Magic:  5/5        EV:  4    Int:  5    God:
Gold:   251        SH: 10    Dex: 10    Spells: 5/5 levels left

rFire    . . .     SeeInvis .   a - +0 war axe
rCold    . . .     Faith    .   c - +0 kite shield
rNeg     . . .     Spirit   .   n - +0 plate armour
rPois    .         Reflect  .   (helmet restricted)
rElec    .         Harm     .   (no cloak)
rCorr    .         Rampage  .   (no gloves)
Will     +....                  (no boots)
Stlth    ..........             (no amulet)
HPRegen  0.18/turn              p - ring of willpower
MPRegen  0.09/turn              (no ring)

@: mighty
A: horns 2, retaliatory headbutt
a: no special abilities


You were on level 5 of the Dungeon.
You visited 1 branch of the dungeon, and saw 5 of its levels.

You collected 251 gold pieces.

Inventory:

Hand Weapons
 a - a +0 war axe (weapon)
Missiles
 l - 8 javelins
 m - 2 poisoned darts (quivered)
Armour
 c - a +0 kite shield (worn)
 n - a +0 plate armour (worn)
Jewellery
 p - a ring of willpower (left hand)
Wands
 b - a wand of acid (13)
 q - a wand of mindburst (12)
Scrolls
 e - a scroll of enchant armour {unknown}
 f - a scroll of vulnerability {unknown}
 g - 2 scrolls of fog {unknown}
 i - 2 scrolls of teleportation {unknown}
 o - a scroll of noise {unknown}
Potions
 h - a potion of heal wounds {unknown}
 j - a potion of haste {unknown}
 k - a potion of mutation {unknown}


   Skills:
 + Level 5.1 Fighting
 * Level 5.2 Axes
 + Level 5.0 Armour
 + Level 5.0 Shields


You had 5 spell levels left.
You didn't know any spells.
Your spell library contained the following spells:

 Spells                   Type           Power      Damage    Failure   Level
 Animate Skeleton         Necr           0%         N/A       100%        1
 Apportation              Tloc           0%         N/A       100%        1
 Corona                   Hex            0%         N/A       100%        1
 Magic Dart               Conj           0%         1d3       100%        1
 Summon Small Mammal      Summ           0%         N/A       100%        1
 Blink                    Tloc           N/A        N/A       100%        2
 Call Imp                 Summ           0%         N/A       100%        2
 Slow                     Hex            0%         N/A       100%        2
 Conjure Flame            Conj/Fire      0%         6-21      100%        3
 Mephitic Cloud           Conj/Pois/Air  0%         N/A       100%        3


Dungeon Overview and Level Annotations

Branches:
Dungeon (5/15)
 Temple: D:4-7

Altars:

Annotations:
D:5 Sigmund


Innate Abilities, Weirdness & Mutations

You have a pair of horns on your head.
You reflexively headbutt those who attack you in melee.


Message History

An orc wizard comes into view. It is wielding a +0 dagger.
The orc wizard hits you but does no damage.
You block the orc warrior's attack.
The orc wizard gestures at itself while chanting.
The orc wizard flickers and vanishes!
Deactivating autopickup; reactivate with Ctrl-A.
The orc wizard hits you but does no damage.
You slash the orc wizard!
You kill the orc wizard!
You block the orc warrior's attack.
The orc warrior hits you from afar with a +0 glaive!
You feel very mighty all of a sudden. You block the orc warrior's attack.
You slash the orc!
You kill the orc!
The orc warrior hits you from afar with a +0 glaive!!
The orc warrior hits you with a +0 glaive.
Things that are here:
a +0 hand axe; a +0 scale mail; an orc corpse You closely miss the orc warrior.
You block the orc warrior's attack.
Sigmund the Dreaded comes into view.
He is wielding a +0 scythe.
Sigmund shouts!
You slash the orc warrior!
The orc warrior is heavily wounded.
The orc warrior hits you with a +0 glaive!
* * * LOW HITPOINT WARNING * * *
Sigmund says, "You will soon forget everything."
Sigmund casts a spell at you.
The magic dart hits something.
You barely miss the orc warrior.
The orc warrior is heavily wounded.
You miss something. The orc warrior barely misses you.
Something hits you but does no damage.
Sigmund points at you and mumbles some strange words.
You barely miss the orc warrior.
The orc warrior is heavily wounded.
You closely miss something. You block the orc warrior's attack.
Something hits you but does no damage.
The orc warrior hits you with a +0 glaive!
You die...

. ... ...... ..
...#...... .≈≈
..#...... ..@≈
..#.......... .≈≈..
............
..≈≈..####..# ......
...≈≈.)@....# ......
.......o...†###......#
............#.........
.###................#
#........>.......#
.........##.......#
.#........##.......+
#......(.##.......#
#........##.......#


You could see Sigmund and an orc warrior.

Vanquished Creatures
  2 hounds (D:5)
  3 orc wizards
  Ijyb (D:4)
  A hound skeleton (D:3)
  2 adders
  7 gnolls
  A worm (D:3)
  3 dart slugs
  2 orcs
  5 ball pythons
  6 bats
  3 endoplasms
  7 giant cockroaches
  7 hobgoblins
  4 jackals
  6 kobolds
  3 quokkas
  3 frilled lizards
  8 goblins
  4 rats
78 creatures vanquished.

Notes
Turn   | Place    | Note
-------+----------+-------------------------------------------
     0 | D:1      | leviel the Minotaur Fighter began the quest for the Orb.
     0 | D:1      | Reached XP level 1. HP: 19/19 MP: 0/0
   176 | D:1      | Reached XP level 2. HP: 27/27 MP: 1/1
   492 | D:1      | Reached XP level 3. HP: 27/33 MP: 2/2
  1960 | D:3      | Reached XP level 4. HP: 41/41 MP: 3/3
  2314 | D:4      | Noticed Ijyb
  2321 | D:4      | Killed Ijyb
  2598 | D:4      | Reached XP level 5. HP: 40/47 MP: 4/4
  3046 | D:5      | Entered Level 5 of the Dungeon
  3241 | D:5      | Reached skill level 5 in Fighting
  3241 | D:5      | Reached XP level 6. HP: 54/56 MP: 5/5
  3265 | D:5      | Reached skill level 5 in Axes
  3271 | D:5      | Reached skill level 5 in Armour
  3271 | D:5      | Reached skill level 5 in Shields
  3273 | D:5      | Noticed an orc warrior
  3280 | D:5      | Noticed Sigmund
  3283 | D:5      | Slain by an orc warrior

Illustrated notes

Levels and vault maps discovered:
D:1:      psy_arrival_spokes, layout_loops_ring, ebering_dispersal_statue_hall
D:2:      layout_basic, st_stairs_1
D:3:      wander_river, layout_rooms, chequers_serial_rivers_large_b,
          interstate_on_off
D:4:      layout_rooms, uniq_ijyb
D:5:      layout_basic, minmay_temple_entry_metal_lava, dk_vineyard_3,
          uniq_sigmund

Skill      XL: |  1  2  3  4  5  6 |
---------------+-------------------+-----
Fighting       | 4 5 |  5.1
Armour         | 4 5 |  5.0
Shields        | 4 5 |  5.0
Axes           | 3 4 5 |  5.2

Action                   |  1- 3 |  4- 6 || total
-------------------------+-------+-------++-------
Melee: War axe           |    78 |   101 ||   179
       Headbutt          |    10 |    13 ||    23
  Use: Potion            |       |     2 ||     2
Armor: Scale mail        |    35 |       ||    35
       Plate armour      |     2 |    79 ||    81
Dodge: Dodged            |    29 |    16 ||    45
Block: Kite shield       |    45 |    63 ||   108

Table legend: (Time is in decaauts)
 A = Elapsed time spent in this place.
 B = Non-inter-level travel time spent in this place.
 C = Inter-level travel time spent in this place.
 D = Time resting spent in this place.
 E = Time spent auto-exploring this place.
 F = Levels seen in this place.
 G = Mean time per level.
                   A        B        C        D        E       F      G
               +--------+--------+--------+--------+--------+-----+--------+
         Total |   3407 |   3298 |    109 |    288 |   2476 |   5 |  681.4 |
       Dungeon |   3407 |   3298 |    109 |    288 |   2476 |   5 |  681.4 |
               +--------+--------+--------+--------+--------+-----+--------+

Top non-repeatable levels by time:
     D:1: 857 daAuts
     D:2: 793 daAuts
     D:4: 758 daAuts
     D:3: 747 daAuts
     D:5: 252 daAuts
